 Dungeon Crawl Stone Soup version 0.29.0-4-gdea44cf6ec (webtiles) character file.

Game seed: 3531843252620192218

1282 qw the Cleaver (level 8, -4/105 HPs)
             Began as a Minotaur Berserker on Sept 6, 2022.
             Was a Priest of Trog.
             Slain by a killer bee (7 damage)
             ... on level 7 of the Dungeon.
             The game lasted 00:01:43 (6109 turns).

qw the Cleaver (Minotaur Berserker)                 Turns: 6109, Time: 00:01:44

Health: -4/105     AC: 13    Str: 24    XL:     8   Next: 29%
Magic:  7/7        EV:  7    Int:  4    God:    Trog [***...]
Gold:   173        SH:  0    Dex: 10    Spells: 7/7 levels left

rFire   . . .      SeeInvis .   Y - +2 hand axe
rCold   + . .      Faith    .   (no shield)
rNeg    . . .      Spirit   .   b - +2 plate armour
rPois   .          Reflect  .   (helmet restricted)
rElec   .          Harm     .   (no cloak)
rCorr   .          Rampage  .   (no gloves)
Will    .....                   (no boots)
Stlth   ..........              (no amulet)
HPRegen 0.27/turn               c - ring of protection from cold
MPRegen 0.10/turn               (no ring)

@: berserking, slowed
A: horns 2, retaliatory headbutt
a: Renounce Religion, Berserk, Trog's Hand


You were on level 7 of the Dungeon.
You worshipped Trog.
Trog was most pleased with you.
You visited 1 branch of the dungeon, and saw 7 of its levels.

You collected 365 gold pieces.
You spent 192 gold pieces at shops.


Innate Abilities, Weirdness & Mutations

You have a pair of horns on your head.
You reflexively headbutt those who attack you in melee.


   Skills:
 - Level 6.2 Fighting
 + Level 10.5 Axes
 - Level 2.5 Throwing
 - Level 4.0 Armour
 - Level 2.1 Dodging


You had 7 spell levels left.
You didn't know any spells.
Your spell library was empty.

Inventory:

Hand Weapons
 m - a +5 vorpal flail
 Y - a +2 hand axe (weapon)
Armour
 b - a +2 plate armour (worn)
Jewellery
 c - a ring of protection from cold (left hand)
Scrolls
 a - 4 scrolls of teleportation
 f - a scroll of identify
Potions
 d - a potion of mutation
 e - a potion of resistance
 g - 2 potions of might
 h - a potion of curing
 j - a potion of cancellation
 k - a potion of haste
 l - a potion of heal wounds {unknown}

Dungeon Overview and Level Annotations

Branches:
Dungeon (7/15)             Temple (0/1) D:5

Altars:
Nemelex Xobeh
Vehumet

Shops:
D:6 ?=*

Annotations:
D:7 Joseph


Message History

You feel yourself moving faster!
You feel mighty!
The killer bee stings you but does no damage.
The hornet stings you but does no damage.
Joseph shoots a sling bullet.
The sling bullet hits you. The sling bullet burns you.
The killer bee stings you but does no damage.
You miss the killer bee.
The killer bee is heavily wounded.
You miss the hornet. The hornet closely misses you.
The killer bee stings you but does no damage.
You miss the killer bee.
The killer bee is heavily wounded.
You slash the hornet! The hornet closely misses you.
Joseph shoots a sling bullet.
The sling bullet hits you! The sling bullet burns you!
The killer bee stings you but does no damage.
You miss the killer bee.
The killer bee is heavily wounded.
You barely miss the hornet.
The killer bee stings you but does no damage.
The hornet stings you.
You feel yourself slow down.
Joseph shoots a sling bullet.
The sling bullet hits you. The sling bullet burns you.
You hit the killer bee.
The killer bee is almost dead.
You closely miss the hornet.
The killer bee stings you but does no damage.
The hornet stings you but does no damage.
You miss the killer bee.
The killer bee is almost dead.
You slash the hornet! The killer bee barely misses you.
Joseph shoots a sling bullet.
The sling bullet hits you. The sling bullet burns you.
The hornet barely misses you. The killer bee stings you.
You barely miss the hornet. You headbutt the hornet.
The hornet is almost dead.
You completely miss the killer bee. The killer bee stings you!
You die...

............
............
#............
###............
..##.............[
................# ..
..y.@...@......##..#
y.....##y%......#..##
..... ##@..........#
..#. +y..###.....# #..
+.....##...# #.
##.....#..### #
#....)..^...##
................# #
..#.............#####.
. #..(..........##.#..
#...................


You could see Joseph, a hornet and a killer bee.

Vanquished Creatures
  Edmund (D:6)
  A black bear (D:5)
  A centaur (D:5)
  A phantom (D:6)
  A necrophage (D:6)
  2 bullfrogs
  2 scorpions
  2 howler monkeys
  3 jellies
  A hound (D:7)
  A gnoll bouda (D:5)
  Ijyb (D:4)
  4 iguanas (D:5)
  A statue (D:5)
  Robin (D:2)
  5 gnolls (D:5)
  5 adders
  2 white imps
  2 ufetubi
  A worm (D:5)
  3 dart slugs
  2 orcs
  2 ball pythons
  8 bats
  9 endoplasms
  A giant cockroach (D:1)
  16 goblins
  10 hobgoblins
  6 jackals
  9 kobolds
  3 quokkas
  3 frilled lizards
  9 rats
119 creatures vanquished.

Notes
Turn   | Place    | Note
-------+----------+-------------------------------------------
     0 | D:1      | qw the Minotaur Berserker began the quest for the Orb.
     0 | D:1      | Reached XP level 1. HP: 19/19 MP: 0/0
     0 | D:1      | 0 ||| qw: Version: 0.1-a-107-g9ff403c
     0 | D:1      | 0 ||| qw: Game counter: 6129
     0 | D:1      | 0 ||| qw: Always use a shield: true
     0 | D:1      | 0 ||| qw: Do Orc after D:15 true
     0 | D:1      | 0 ||| qw: Do second Lair branch before Depths: true
     0 | D:1      | 0 ||| qw: Lair rune preference: random
     0 | D:1      | 0 ||| qw: Plans: Normal
     0 | D:1      | 0 ||| PLANNING D:1-11
    97 | D:1      | 97 ||| Stepping ~*~*~tactically~*~*~ (stealth).
    97 | D:1      | Found a faded altar of an unknown god.
   115 | D:1      | Reached skill level 4 in Axes
   116 | D:1      | 116 ||| Stepping ~*~*~tactically~*~*~ (stealth).
   118 | D:1      | 118 ||| Stepping ~*~*~tactically~*~*~ (stealth).
   128 | D:1      | 128 ||| DROPPING +0 club.
   141 | D:1      | Reached XP level 2. HP: 26/26 MP: 1/1
   524 | D:1      | 524 ||| Stepping ~*~*~tactically~*~*~ (stealth).
   528 | D:1      | Reached skill level 1 in Throwing
   969 | D:1      | 969 ||| UPGRADING to +0 ring mail.
   979 | D:1      | 979 ||| DROPPING +0 animal skin.
   980 | D:1      | 980 ||| DROPPING orb of wrath.
   981 | D:1      | 981 ||| UPGRADING to ring of protection from cold.
   982 | D:1      | 982 ||| DROPPING ring of magical power.
   983 | D:1      | 983 ||| READING scroll labelled CEEFUA DAEMOJ.
   984 | D:1      | 984 ||| READING scroll labelled TAJUWU BYIL.
   985 | D:1      | 985 ||| READING scroll labelled LASOSU GELL.
   990 | D:1      | 990 ||| DRINKING 2 fuming grey potions.
   991 | D:1      | 991 ||| DROPPING potion of brilliance.
  1041 | D:2      | Reached XP level 3. HP: 30/31 MP: 2/2
  1042 | D:2      | 1042 ||| Stepping ~*~*~tactically~*~*~ (stealth).
  1101 | D:2      | Reached skill level 5 in Axes
  1226 | D:2      | Identified the +0 dagger "Naweacar" {speed, Dex+3}
  1234 | D:2      | Reached ** piety under Trog
  1253 | D:2      | 1253 ||| Stepping ~*~*~tactically~*~*~ (stealth).
  1256 | D:2      | 1256 ||| Stepping ~*~*~tactically~*~*~ (stealth).
  1744 | D:2      | 1744 ||| Stepping ~*~*~tactically~*~*~ (hiding).
  1750 | D:2      | Noticed Robin
  1752 | D:2      | 1752 ||| Stepping ~*~*~tactically~*~*~ (hiding).
  1755 | D:2      | 1755 ||| Stepping ~*~*~tactically~*~*~ (hiding).
  1756 | D:2      | 1756 ||| Stepping ~*~*~tactically~*~*~ (hiding).
  1763 | D:2      | 1763 ||| INVOKING Berserk.
  1765 | D:2      | Killed Robin
  1766 | D:2      | Reached XP level 4. HP: 39/39 MP: 3/3
  2110 | D:2      | 2110 ||| Stepping ~*~*~tactically~*~*~ (stealth).
  2111 | D:2      | 2111 ||| Stepping ~*~*~tactically~*~*~ (stealth).
  2114 | D:2      | 2114 ||| Stepping ~*~*~tactically~*~*~ (stealth).
  2165 | D:2      | 2165 ||| UPGRADING to +0 scale mail.
  2175 | D:2      | 2175 ||| DROPPING +0 ring mail.
  2176 | D:2      | 2176 ||| READING 2 scrolls labelled JIANIOSAEW.
  2177 | D:2      | 2177 ||| READING scroll labelled CEWNERHOEDA.
  2178 | D:2      | 2178 ||| DRINKING 2 lumpy white potions.
  2179 | D:2      | 2179 ||| DROPPING scroll of poison.
  2180 | D:2      | 2180 ||| DROPPING potion of degeneration.
  2181 | D:2      | 2181 ||| READING scroll of teleportation.
  2231 | D:3      | 2231 ||| STAIRDANCE
  2244 | D:3      | 2244 ||| STAIRDANCE
  2268 | D:3      | Reached skill level 6 in Axes
  2268 | D:3      | 2268 ||| STAIRDANCE
  2360 | D:3      | 2360 ||| Stepping ~*~*~tactically~*~*~ (stealth).
  2364 | D:3      | 2364 ||| Stepping ~*~*~tactically~*~*~ (stealth).
  2365 | D:3      | 2365 ||| Stepping ~*~*~tactically~*~*~ (stealth).
  2474 | D:3      | Found a sparkling altar of Nemelex Xobeh.
  2551 | D:3      | 2551 ||| Stepping ~*~*~tactically~*~*~ (stealth).
  2705 | D:3      | 2705 ||| UPGRADING to +0 chain mail.
  2715 | D:3      | 2715 ||| UPGRADING to +0 plate armour.
  2725 | D:3      | 2725 ||| DROPPING +0 chain mail.
  2726 | D:3      | 2726 ||| DROPPING +0 scale mail.
  2727 | D:3      | 2727 ||| READING scroll labelled NISOIJ HARCH.
  2728 | D:3      | 2728 ||| READING scroll labelled VYSEORH EWAU.
  2729 | D:3      | 2729 ||| DRINKING 2 black potions.
  2777 | D:4      | 2777 ||| READING scroll of enchant armour.
  2777 | D:4      | 2777 ||| ENCHANTING +0 plate armour.
  2794 | D:4      | 2794 ||| INVOKING Berserk.
  2796 | D:4      | Reached XP level 5. HP: 45/45 MP: 4/4
  3229 | D:4      | Noticed Ijyb
  3231 | D:4      | 3231 ||| INVOKING Berserk.
  3238 | D:4      | Killed Ijyb
  3239 | D:4      | Reached skill level 7 in Axes
  3418 | D:4      | 3418 ||| Stepping ~*~*~tactically~*~*~ (stealth).
  3695 | D:4      | 3695 ||| READING scroll labelled SONUTOMURGH.
  3696 | D:4      | 3696 ||| DRINKING 2 glowing amethyst potions.
  3697 | D:4      | 3697 ||| DRINKING 2 fizzy pink potions.
  3735 | D:4      | 3735 ||| DRINKING 2 silvery potions.
  3736 | D:4      | 3736 ||| DROPPING potion of magic.
  3737 | D:4      | 3737 ||| DROPPING potion of lignification.
  3767 | D:5      | Entered Level 5 of the Dungeon
  3768 | D:5      | 3768 ||| PLANNING SEWER
  3778 | D:5      | Reached skill level 3 in Armour
  3778 | D:5      | Found a staircase to the Ecumenical Temple.
  3787 | D:5      | 3787 ||| Stepping ~*~*~tactically~*~*~ (hiding).
  3789 | D:5      | 3789 ||| INVOKING Berserk.
  3798 | D:5      | Reached XP level 6. HP: 38/52 MP: 5/5
  3859 | D:5      | 3859 ||| FLEEEEING.
  3860 | D:5      | 3860 ||| FLEEEEING.
  3861 | D:5      | 3861 ||| FLEEEEING.
  3862 | D:5      | 3862 ||| FLEEEEING.
  3863 | D:5      | 3863 ||| FLEEEEING.
  3864 | D:5      | 3864 ||| FLEEEEING.
  3865 | D:5      | 3865 ||| FLEEEEING.
  3866 | D:5      | 3866 ||| FLEEEEING.
  3867 | D:5      | 3867 ||| FLEEEEING.
  3868 | D:5      | 3868 ||| STAIRDANCE
  3962 | D:5      | 3962 ||| STAIRDANCE
  4088 | D:5      | Identified the +1 ring mail "Weinovu" {Dex+3}
  4214 | D:5      | 4214 ||| INVOKING Berserk.
  4219 | D:5      | Reached skill level 8 in Axes
  4223 | D:5      | Reached XP level 7. HP: 59/59 MP: 6/6
  4226 | D:5      | Reached skill level 9 in Axes
  4344 | D:5      | 4344 ||| Stepping ~*~*~tactically~*~*~ (hiding).
  4407 | D:5      | 4407 ||| Stepping ~*~*~tactically~*~*~ (hiding).
  4446 | D:5      | 4446 ||| RIP SEWER
  4512 | D:5      | 4512 ||| PLANNING D:1-11
  4517 | D:5      | 4517 ||| INVOKING Berserk.
  4896 | D:5      | Found a radiant altar of Vehumet.
  4905 | D:5      | 4905 ||| INVOKING Berserk.
  5255 | D:5      | 5255 ||| READING 5 scrolls labelled CIBBASEREC.
  5256 | D:5      | 5256 ||| READING scroll labelled RIZ RODDEYTH.
  5257 | D:5      | 5257 ||| READING 4 scrolls of identify.
  5257 | D:5      | 5257 ||| IDENTIFYING fuming black potion
  5258 | D:5      | 5258 ||| READING 3 scrolls of identify.
  5258 | D:5      | 5258 ||| IDENTIFYING bubbling coppery potion
  5259 | D:5      | 5259 ||| READING 2 scrolls of identify.
  5259 | D:5      | 5259 ||| IDENTIFYING fuming clear potion
  5260 | D:5      | 5260 ||| DROPPING potion of invisibility.
  5307 | D:6      | Reached *** piety under Trog
  5372 | D:6      | Found Evad's Magic Scroll Emporium.
  5392 | D:6      | 5392 ||| BUYING scroll of enchant armour (82 gold).
  5392 | D:6      | Bought a scroll of enchant armour for 82 gold pieces
  5392 | D:6      | 5392 ||| BUYING scroll of identify (22 gold).
  5392 | D:6      | Bought a scroll of identify for 22 gold pieces
  5392 | D:6      | 5392 ||| BUYING scroll of identify (22 gold).
  5392 | D:6      | Bought a scroll of identify for 22 gold pieces
  5392 | D:6      | 5392 ||| BUYING scroll of teleportation (33 gold).
  5392 | D:6      | Bought a scroll of teleportation for 33 gold pieces
  5392 | D:6      | 5392 ||| BUYING scroll of teleportation (33 gold).
  5392 | D:6      | Bought a scroll of teleportation for 33 gold pieces
  5392 | D:6      | 5392 ||| READING scroll of enchant armour.
  5392 | D:6      | 5392 ||| ENCHANTING +1 plate armour.
  5601 | D:6      | Found Izeun's Gadget Gallery.
  5636 | D:6      | Noticed Edmund
  5637 | D:6      | 5637 ||| INVOKING Berserk.
  5642 | D:6      | Killed Edmund
  5643 | D:6      | Reached skill level 10 in Axes
  5684 | D:6      | 5684 ||| DROPPING +0 whip.
  5687 | D:6      | Found Mioh's Jewellery Shoppe.
  5699 | D:6      | 5699 ||| SHOPLISTING +4 ring of evasion (432 gold, have
                  | 139).
  5699 | D:6      | 5699 ||| SHOPLISTING +6 ring of dexterity (432 gold, have
                  | 139).
  5699 | D:6      | 5699 ||| SHOPLISTING amulet of guardian spirit (360 gold,
                  | have 139).
  5699 | D:6      | 5699 ||| SHOPLISTING amulet of the Four Winds {rN+ Will+++
                  | Clar} (728 gold, have 139).
  5699 | D:6      | 5699 ||| SHOPLISTING ring "Petioqou" {rElec MP+9 Dex+2}
                  | (458 gold, have 139).
  5699 | D:6      | 5699 ||| SHOPLISTING ring of Befeva {Str+6 Dex+5} (642
                  | gold, have 139).
  5699 | D:6      | 5699 ||| SHOPLISTING ring of positive energy (240 gold,
                  | have 139).
  5709 | D:6      | Reached XP level 8. HP: 66/68 MP: 7/7
  5723 | D:6      | 5723 ||| READING scroll of enchant weapon.
  5723 | D:6      | 5723 ||| ENCHANTING +1 hand axe.
  6034 | D:6      | 6034 ||| READING scroll labelled HIUVVI IXUTUO.
  6035 | D:6      | 6035 ||| READING scroll labelled XED ETIODGHE.
  6036 | D:6      | 6036 ||| READING 3 scrolls of identify.
  6036 | D:6      | 6036 ||| IDENTIFYING coppery potion
  6037 | D:6      | 6037 ||| READING 2 scrolls of identify.
  6037 | D:6      | 6037 ||| IDENTIFYING bubbling purple potion
  6061 | D:7      | Reached skill level 6 in Fighting
  6079 | D:7      | 6079 ||| Stepping ~*~*~tactically~*~*~ (hiding).
  6080 | D:7      | 6080 ||| Stepping ~*~*~tactically~*~*~ (hiding).
  6094 | D:7      | 6094 ||| Stepping ~*~*~tactically~*~*~ (stealth).
  6095 | D:7      | 6095 ||| Stepping ~*~*~tactically~*~*~ (stealth).
  6095 | D:7      | Noticed Joseph
  6096 | D:7      | 6096 ||| Stepping ~*~*~tactically~*~*~ (hiding).
  6097 | D:7      | 6097 ||| Stepping ~*~*~tactically~*~*~ (hiding).
  6098 | D:7      | Noticed a hornet
  6103 | D:7      | 6103 ||| INVOKING Berserk.
  6105 | D:7      | HP: 20/105 [Joseph/sling bullet (7)]
  6108 | D:7      | HP: 9/105 [Joseph/sling bullet (6)]
  6108 | D:7      | HP: 3/105 [killer bee (5)]
  6109 | D:7      | Slain by a killer bee

Levels and vault maps discovered:
D:1:      minmay_arrival_split_and_join, layout_loops_ring,
          ebering_ecumenical_altar_sacrificial
D:2:      layout_basic, serial_corexii_hall, corexii_hall_statues_x,
          chequers_hall_statues_corner_a, chequers_hall_statues_y,
          chequers_hall_statues_corner_a, corexii_hall_statues_i,
          chequers_hall_statues_y, minmay_tripent, uniq_robin
D:3:      layout_rooms, nemelex_xobeh_ov_fountains_minmay
D:4:      layout_loops_corners, uniq_ijyb
D:5:      layout_rooms, vehumet_statue, minmay_temple_entry_arrows,
          gup_sewer_entry_glass
D:6:      layout_loops_ring, serial_shops, nicolae_shop_stone,
          nicolae_shop_stone, nicolae_shop_gadgets, uniq_edmund
D:7:      gammafunk_beogh_shrine, layout_cave_pools, serial_gnoll_camp,
          gnoll_camp_mini_hut, grums_kennel, gnoll_camp_mini_loothouse,
          gnoll_camp_mini_hut, gnoll_camp_mini_doghouse, uniq_joseph,
          uniq_duvessa, uniq_maggie

Skill      XL: |  1  2  3  4  5  6  7  8 |
---------------+-------------------------+-----
Axes           | 4 5 6 7 8 10 | 10.5
Throwing       | 1 2 |  2.5
Armour         | 3 4 |  4.0
Fighting       | 4 5 6 |  6.2
Dodging        | |  2.1

Action                   |  1- 3 |  4- 6 |  7- 9 || total
-------------------------+-------+-------+-------++-------
Melee: Hand axe          |    55 |    88 |    80 ||   223
       Headbutt          |     7 |     9 |    14 ||    30
       Punch             |     1 |     2 |     2 ||     5
Throw: Javelin           |    28 |    23 |    11 ||    62
Invok: Berserk           |     1 |     4 |     4 ||     9
  Use: Scroll            |     3 |     7 |    11 ||    21
       Potion            |     1 |     5 |       ||     6
Armor: Animal skin       |     5 |       |       ||     5
       Ring mail         |     8 |     3 |       ||    11
       Scale mail        |       |    13 |       ||    13
       Plate armour      |       |    20 |    47 ||    67
Dodge: Dodged            |    32 |    40 |    23 ||    95

Table legend:
 A = Non-vault XP
 B = Vault XP
 C = Vault XP percentage of total XP
 D = Non-vault monster count
 E = Vault monster count
 F = Vault count percentage of total count
                 A         B        C        D         E       F
            +---------+---------+-------+---------+---------+-------
      Total |    1517 |     315 |  17.2 |     101 |      18 |  15.1
            +---------+---------+-------+---------+---------+-------
        D:1 |      39 |       0 |   0.0 |      22 |       0 |   0.0
        D:2 |      36 |      38 |  51.4 |      20 |      14 |  41.2
        D:3 |      38 |       0 |   0.0 |      16 |       0 |   0.0
        D:4 |      73 |      38 |  34.2 |      10 |       1 |   9.1
        D:5 |     699 |      32 |   4.4 |      21 |       1 |   4.5
        D:6 |     478 |     164 |  25.5 |       9 |       1 |  10.0
        D:7 |     154 |      43 |  21.8 |       3 |       1 |  25.0
            +---------+---------+-------+---------+---------+-------
